 Dungeon Crawl Stone Soup version 0.14-a0-1192-g192f278 (webtiles) character file.

796 Jenx the Grappler (level 7, -3/99 HPs)
             Began as a Troll Monk on Dec 1, 2013.
             Was a Believer of Trog.
             Slain by Menkaure (20 damage)
             ... on Level 5 of the Dungeon.
             The game lasted 00:11:54 (3634 turns).

Jenx the Grappler (Troll Monk)                      Turns: 3634, Time: 00:11:54

HP  -3/99        AC  5     Str 25      XL: 7   Next: 38%
MP   2/2         EV 11     Int  6      God: Trog [**....]
Gold 97          SH  0     Dex 17      Spells:  0 memorised,  6 levels left

rFire  . . .     SeeInvis .     a - +0 great mace
rCold  . . .     Clarity  .     B - +0 robe
rNeg   . . .     Conserve .     (shield restricted)
rPois  .         rCorr    .     (helmet restricted)
rElec  .         rRot     .     (no cloak)
SustAb . .       Spirit   .     (gloves unavailable)
rMut   .         Warding  .     (boots unavailable)
Gourm  +         Stasis   .     (no amulet)
                                x - ring of protection from magic
                                l - +3 ring of dexterity

@: regenerating, berserking, very quick, extremely resistant to hostile
enchantments, extremely unstealthy
A: unfitting armour, claws 3, fast metabolism 3, gourmand, regeneration 2,
saprovore 2, shaggy fur 1, tough skin 2
a: Burn Spellbooks, Berserk, Trog's Hand, Renounce Religion


You were on level 5 of the Dungeon.
You worshipped Trog.
Trog was pleased with you.
You were very full.

You visited 1 branch of the dungeon, and saw 5 of its levels.

You collected 97 gold pieces.

Inventory:

Hand weapons
 a - a +0,+0 great mace (weapon)
Missiles
 i - 13 exploding darts (quivered)
Armour
 B - a +0 robe (worn)
Magical devices
 r - a wand of confusion (4)
 s - a wand of paralysis (14) {unknown}
 t - a wand of enslavement (18)
 C - a wand of cold (4) {unknown}
Comestibles
 b - 3 meat rations
 d - an apple
 h - 5 bread rations
 G - a chunk of iguana flesh
Scrolls
 c - 2 scrolls of teleportation {unknown}
 e - a scroll of identify
 g - 2 scrolls of fear {unknown}
 j - 2 scrolls of immolation {unknown}
 q - 2 scrolls of curse armour {unknown}
 z - a scroll of enchant armour {unknown}
 A - a scroll of random uselessness {unknown}
 D - 2 scrolls of magic mapping {unknown}
 E - a scroll of remove curse {unknown}
Jewellery
 l - a +3 ring of dexterity (left claw)
 w - a +2 ring of strength
 x - a ring of protection from magic (right claw)
 y - an uncursed ring of positive energy
Potions
 f - a potion of porridge
 k - a potion of mutation {unknown}
 m - 2 potions of curing {unknown}
 n - 5 potions of heal wounds {unknown}
 o - a potion of magic {unknown}
 p - a potion of lignification {unknown}
 u - a potion of poison {unknown}
 v - 2 potions of might {unknown}
 F - a potion of paralysis {unknown}


   Skills:
 - Level 2.4 Fighting
 + Level 1.6 Maces & Flails
 - Level 2.4 Dodging
 - Level 1.1 Stealth
 - Level 8.9 Unarmed Combat


You had 6 spell levels left.
You didn't know any spells.

Dungeon Overview and Level Annotations

Branches:
Dungeon (5/16)
 Temple: D:4-7

Altars:
Trog
Vehumet

Annotations:
D:5 Menkaure


Innate Abilities, Weirdness & Mutations

You are too large for most types of armour.
You have claws for hands.
Your metabolism is lightning-fast.
You like to eat raw meat.
You heal very quickly.
You can eat rotten meat.
You are covered in fur (AC +1).
You have very tough skin (AC +2).


Message History

Menkaure rustles, "It doesn't hurt if you pull your brain out of your nose yourself."
Menkaure hits you!
* * * LOW HITPOINT WARNING * * *
You barely miss Menkaure.
Menkaure is lightly damaged.
Menkaure gestures wildly while chanting.
Menkaure seems to speed up.
You barely miss Menkaure.
Menkaure is lightly damaged.
Menkaure closely misses you. Menkaure barely misses you.
Use which ability? (? or * to list)
Your skin crawls.
You feel resistant to hostile enchantments.
You feel slightly less full. Menkaure hits you!
* * * LOW HITPOINT WARNING * * *
Use which ability? (? or * to list)
A red film seems to cover your vision as you go berserk!
You feel yourself moving faster!
You feel mighty!
You feel quite a bit less full. Menkaure hits you!
You die...

######## #..M@..#
#.#.##.### #......#
#......#.# ######.#.#
#.#.####
######.#....#
#....#...##.#
#.##.#....#.#########


You could see Menkaure.

Vanquished Creatures
  Edmund (D:5)
  An ogre (D:5)
  2 goliath beetles (D:4)
  3 scorpions (D:4)
  An orc wizard (D:4)
  2 hounds (D:4)
  2 iguanas (D:5)
  A worker ant (D:5)
  A sky beast zombie (D:5)
  Ijyb (D:3)
  6 adders
  A worm zombie (D:5)
  An inept feature mimic (D:4)
  A worm (D:3)
  2 giant geckos (D:1)
  6 orcs
  13 bats
  5 giant cockroaches
  6 goblins
  5 hobgoblins
  10 kobolds
  3 quokkas
  6 giant newts
  3 jackals
  An orc skeleton (D:4)
  9 rats
93 creatures vanquished.

Notes
Turn   | Place    | Note
--------------------------------------------------------------
     0 | D:1      | Jenx, the Troll Monk, began the quest for the Orb.
     0 | D:1      | Reached XP level 1. HP: 20/20 MP: 0/0
   138 | D:1      | Reached XP level 2. HP: 26/28 MP: 0/0
   754 | D:2      | Reached skill level 5 in Unarmed Combat
   773 | D:2      | Reached XP level 3. HP: 35/35 MP: 1/1
  1581 | D:3      | Noticed Ijyb
  1587 | D:3      | Reached XP level 4. HP: 37/44 MP: 1/1
  1601 | D:3      | Killed Ijyb
  1601 | D:3      | Reached skill level 6 in Unarmed Combat
  2019 | D:3      | Found a radiant altar of Vehumet.
  2019 | D:3      | Found a bloodstained altar of Trog.
  2029 | D:3      | Became a worshipper of Trog the Wrathful
  2029 | D:3      | Acquired Trog's first power
  2029 | D:3      | Acquired Trog's second power
  2178 | D:4      | Reached XP level 5. HP: 22/50 MP: 1/1
  2286 | D:4      | Reached skill level 7 in Unarmed Combat
  2533 | D:4      | Reached XP level 6. HP: 12/58 MP: 2/2
  2855 | D:5      | Entered Level 5 of the Dungeon
  2995 | D:5      | Noticed Edmund
  3007 | D:5      | Killed Edmund
  3007 | D:5      | Reached skill level 8 in Unarmed Combat
  3034 | D:5      | Reached XP level 7. HP: 64/66 MP: 2/2
  3211 | D:5      | Reached skill level 1 in Maces & Flails
  3627 | D:5      | Noticed Menkaure
  3634 | D:5      | Slain by Menkaure

Action                   |  1- 3 |  4- 6 |  7- 9 || total
-------------------------+-------+-------+-------++-------
Melee: Unarmed           |    91 |   139 |     6 ||   236
       Great mace        |       |       |    36 ||    36
Invok: Trog's Hand       |       |     1 |     1 ||     2
       Burn Spellbooks   |       |     1 |       ||     1
       Berserk           |       |     1 |     1 ||     2
  Use: Scroll            |       |       |     4 ||     4
 Stab: Sleeping          |     2 |     2 |     1 ||     5
